 Dungeon Crawl Stone Soup version 0.17.1-2-g5865329 (webtiles) character file.

32607 Origami the Severer (level 13, -6/124 HPs)
             Began as a Minotaur Berserker on Feb 10, 2016.
             Was a High Priest of Trog.
             Mangled by an ettin
             ... wielding a +0 great mace
              (21 damage)
             ... on level 4 of the Orcish Mines.
             The game lasted 01:05:46 (11183 turns).

Origami the Severer (Minotaur Berserker)           Turns: 11183, Time: 01:05:46

Health: -6/124     AC: 30    Str: 26    XL:     13   Next: 32%
Magic:  12/12      EV: 10    Int:  2    God:    Trog [*****.]
Gold:   1258       SH:  0    Dex: 11    Spells: 0 memorised, 12 levels left

rFire  . . .     SeeInvis .     q - +3 executioner's axe (venom)
rCold  + . .     Clarity  .     M - +9 plate armour {ponderous}
rNeg   . . .     SustAt   .     (shield currently unavailable)
rPois  +         Gourm    .     (helmet restricted)
rElec  .         Spirit   .     w - +0 cloak
rCorr  .         Warding  .     (no gloves)
rMut   .         Stasis   .     g - +2 pair of boots
MR     +....                    v - amulet of regeneration
Stlth  ..........               K - ring of protection from magic
                                b - ring of protection from cold

@: exhausted, slowed, very slow, somewhat resistant to hostile enchantments,
extremely unstealthy
A: retaliatory headbutt, horns 2, blurry vision 1, dopey 1, poison resistance
a: Berserk, Trog's Hand, Brothers in Arms, Burn Spellbooks, Renounce Religion


You were on level 4 of the Orcish Mines.
You worshipped Trog.
Trog was extremely pleased with you.
You were very hungry.

You visited 2 branches of the dungeon, and saw 16 of its levels.

You collected 1258 gold pieces.

Inventory:

Hand Weapons
 q - a +3 executioner's axe of venom (weapon)
 x - a +3 war axe
 z - a cursed +1 hand axe of freezing
 C - a +1 hand axe of electrocution
 L - a +6 executioner's axe of chopping
Armour
 g - a +2 pair of boots (worn)
 w - a +0 cloak (worn)
 F - the +0 scale mail of Vedeacw {Str+8}
   (You found it on level 11 of the Dungeon)

   It affects your strength (+8).
 M - a +9 plate armour of ponderousness (worn)
Jewellery
 b - a ring of protection from cold (left hand)
 v - an amulet of regeneration (around neck)
 K - a ring of protection from magic (right hand)
Wands
 i - a wand of lightning (6)
 u - a wand of fireball (1)
 y - a wand of flame (36)
 D - a wand of polymorph (7)
 E - a wand of slowing (13)
 G - a wand of fire (9)
Scrolls
 d - 2 scrolls of blinking
 e - 3 scrolls of identify
 m - 3 scrolls of teleportation
 o - 6 scrolls of remove curse
 r - 2 scrolls of recharging
 s - a scroll of fear
 H - a scroll of enchant armour
Potions
 j - a potion of invisibility
 l - 5 potions of brilliance
 n - 2 potions of curing
 t - a potion of cancellation
 A - a potion of haste
 B - 2 potions of heal wounds
Comestibles
 a - 41 chunks of flesh
 c - 6 bread rations
 f - 6 meat rations
 h - 10 slices of pizza
 k - 2 beef jerkies
 p - 3 fruits
 J - a royal jelly


   Skills:
 * Level 14.0 Fighting
 * Level 17.3 Axes
 * Level 13.4 Armour
 + Level 6.2 Dodging


You had 12 spell levels left.
You didn't know any spells.

Dungeon Overview and Level Annotations

Branches:
Dungeon (14/15)            Temple (0/1) D:7             Orc (4/4) D:12
    Elf (0/3) Orc:4        Vaults (0/5) D:13
   Lair: D:8-11

Altars:
Cheibriados
Elyvilon
Gozag
Nemelex Xobeh
Ru
Sif Muna
Yredelemnul
The Shining One

Shops:
D:4 }   Orc:1 *   Orc:4 **

Portals:
Bazaar: D:11


Innate Abilities, Weirdness & Mutations

You reflexively headbutt those who attack you in melee.
You have a pair of horns on your head.
Scrolls take you a little longer to read.
You are dopey. (Int -2)
Your system is resistant to poisons.


Message History

Things that are here:
a dagger; a robe; the human skeleton of Josephine Drink which item? (? for menu, Esc to quit)
You can't drink that!
Drink which item? (? for menu, Esc to quit)
You feel much better. The deep troll bites you.
The deep troll claws you but does no damage. x2
The ettin hits you with a great mace!!
* * * LOW HITPOINT WARNING * * *
The ettin hits you with a dire flail!
* * * LOW HITPOINT WARNING * * *
Your deep troll goes berserk!
You feel somewhat more hungry.
The deep troll bites you but does no damage.
The deep troll claws you.
* * * LOW HITPOINT WARNING * * *
The deep troll claws you but does no damage.
Something hits you but does no damage. The ettin hits you but does no damage.
The ettin hits you with a dire flail!!
You die...

............##...........###....
.............#.#...........# ...
#........#####.#..........## ..
###.#...#.# ..#........##
####.##.# .##........# #..###
##.#####.## ...# ##...# ###
##.## #..T## ### ####@##
##.#CT)# #...#O)#### ##
##.(....#.##.## ###.....#......#
##$##..........##
#...........#.##
#.......)(.#..$#
##....$).........


You could see an ettin, a deep troll, an ogre and a friendly deep troll
(berserk).

Vanquished Creatures
  Saint Roka (Orc:4)
  Frances (D:12)
  2 ettins (Orc:4)
  Snorg (Orc:4)
  A vault guard (D:13)
  Josephine (Orc:4)
  An ogre mage (Orc:4)
  A centaur warrior (D:13)
  An unseen horror (D:12)
  A deep troll (Orc:4)
  2 slime creatures (D:13)
  An ugly thing (D:12)
  2 cyclopes (Orc:4)
  6 hill giants
  A manticore (D:12)
  Joseph (D:7)
  A gargoyle (D:12)
  2 kobold demonologists
  6 two-headed ogres (Orc:4)
  9 trolls
  A steam dragon (D:13)
  2 shadows
  4 wraiths
  2 hungry ghosts (D:11)
  6 yaks (D:12)
  Grum (D:10)
  4 wolves (D:10)
  3 wargs
  Menkaure (D:7)
  2 hippogriffs
  Edmund (D:4)
  2 mottled dragons
  14 orc warriors
  22 ogres
  An ice beast (D:10)
  An eye of draining (D:13)
  6 centaurs
  2 big kobolds
  The ghost of Jerry the Ducker, an amateur OpWz (D:3)
  A wyvern zombie (D:7)
  6 giant frogs
  7 scorpions
  A water moccasin skeleton (D:11)
  12 killer bees
  9 wights
  2 giant frog zombies
  12 jellies
  16 orc wizards
  3 quasits
  A crimson imp (D:12)
  13 orc priests
  4 giant frog skeletons
  4 hounds
  4 iguanas
  A killer bee zombie (D:5)
  11 worker ants
  3 hound skeletons
  2 hound zombies
  2 worker ant zombies
  7 adders
  A shadow imp (D:11)
  An adder skeleton (D:3)
  A worm (D:4)
  An adder zombie (D:3)
  7 giant geckos
  106 orcs
  2 ball pythons (D:2)
  5 giant cockroaches
  7 goblins
  6 hobgoblins
  8 jackals
  A quokka (D:2)
  6 bats
  A giant gecko skeleton (D:4)
  5 giant newts
  20 kobolds
  11 rats
428 creatures vanquished.

Vanquished Creatures (collateral kills)
  2 orc warriors (Orc:4)
  An orc wizard (Orc:4)
3 creatures vanquished.

Grand Total: 431 creatures vanquished

Notes
Turn   | Place    | Note
--------------------------------------------------------------
     0 | D:1      | Origami the Minotaur Berserker began the quest for the Orb.
     0 | D:1      | Reached XP level 1. HP: 19/19 MP: 0/0
   124 | D:1      | Lost intelligence.
   248 | D:1      | Reached XP level 2. HP: 27/27 MP: 1/1
   406 | D:1      | Reached skill level 4 in Fighting
   422 | D:1      | Reached ** piety under Trog
   720 | D:1      | Lost intelligence.
  1244 | D:2      | Reached XP level 3. HP: 30/33 MP: 2/2
  1324 | D:2      | Found a sacrificial altar of Ru.
  2326 | D:2      | Reached XP level 4. HP: 38/40 MP: 3/3
  2732 | D:3      | Reached *** piety under Trog
  2786 | D:3      | Noticed Jerry's ghost (amateur OpWz)
  2797 | D:3      | Killed Jerry's ghost
  2797 | D:3      | Reached skill level 5 in Axes
  2797 | D:3      | Reached XP level 5. HP: 45/47 MP: 4/4
  3005 | D:4      | Reached skill level 5 in Armour
  3058 | D:4      | Gained mutation: Your system is resistant to poisons. [potion of mutation]
  3058 | D:4      | Gained mutation: Scrolls take you a little longer to read. [potion of mutation]
  3058 | D:4      | Lost intelligence.
  3058 | D:4      | Gained mutation: You are dopey. (Int -2) [potion of mutation]
  3212 | D:4      | Reached XP level 6. HP: 40/53 MP: 5/5
  3265 | D:4      | Noticed Edmund
  3273 | D:4      | Killed Edmund
  3273 | D:4      | Reached skill level 5 in Fighting
  3317 | D:4      | Reached skill level 6 in Armour
  3379 | D:4      | Reached XP level 7. HP: 55/61 MP: 6/6
  3432 | D:4      | Found Rets's Gadget Emporium.
  3491 | D:4      | Found a glowing golden altar of the Shining One.
  3499 | D:4      | Found a basalt altar of Yredelemnul.
  3499 | D:4      | Found a white marble altar of Elyvilon.
  3703 | D:5      | Entered Level 5 of the Dungeon
  3856 | D:5      | Found a snail-covered altar of Cheibriados.
  4474 | D:6      | Reached skill level 7 in Armour
  4511 | D:6      | Reached XP level 8. HP: 70/70 MP: 7/7
  4575 | D:6      | Reached skill level 8 in Armour
  4745 | D:6      | Found a deep blue altar of Sif Muna.
  4757 | D:6      | Found a sparkling altar of Nemelex Xobeh.
  4757 | D:6      | Found an opulent altar of Gozag.
  4814 | D:6      | Reached skill level 9 in Armour
  5428 | D:7      | Found a staircase to the Ecumenical Temple.
  5456 | D:7      | Noticed Joseph
  5461 | D:7      | Noticed Menkaure
  5468 | D:7      | Killed Joseph
  5468 | D:7      | Reached XP level 9. HP: 80/80 MP: 8/8
  5470 | D:7      | Killed Menkaure
  5601 | D:7      | Reached skill level 10 in Armour
  5700 | D:7      | You fall through a shaft for 3 floors!
  5700 | D:10     | Entered Level 10 of the Dungeon
  5775 | D:10     | Reached skill level 10 in Axes
  5873 | D:10     | Reached **** piety under Trog
  6077 | D:10     | Reached XP level 10. HP: 84/91 MP: 9/9
  6230 | D:10     | Noticed Grum
  6232 | D:10     | Reached skill level 11 in Axes
  6241 | D:10     | Killed Grum
  6518 | D:11     | Found a gateway to a bazaar.
  6695 | D:11     | Got an ancient scale mail
  6706 | D:11     | Identified the cursed +0 scale mail of Vedeacw {Str+8} (You found it on level 11 of the Dungeon)
  6951 | D:11     | Reached skill level 12 in Axes
  7006 | D:11     | Noticed a hill giant
  7012 | D:11     | Killed a hill giant
  7217 | D:11     | Reached skill level 10 in Fighting
  7493 | D:12     | Reached XP level 11. HP: 96/101 MP: 10/10
  7513 | D:12     | Found a staircase to the Orcish Mines.
  7515 | D:12     | Noticed a hill giant
  7523 | D:12     | Killed an unseen horror
  7523 | D:12     | Reached skill level 13 in Axes
  7523 | D:12     | Reached skill level 5 in Dodging
  7528 | D:12     | Killed a hill giant
  7725 | D:12     | Noticed a brown ugly thing
  7732 | D:12     | Killed a brown ugly thing
  7903 | D:12     | Noticed a hill giant
  7913 | D:12     | Killed a hill giant
  7916 | D:12     | Reached ***** piety under Trog
  8060 | D:12     | Noticed Frances
  8070 | D:12     | Killed Frances
  8070 | D:12     | Reached skill level 14 in Axes
  8259 | D:12     | Noticed a manticore
  8270 | D:12     | Killed a manticore
  8988 | D:13     | Found a gate to the Vaults.
  8988 | D:13     | Noticed a vault guard
  9005 | D:13     | Killed a vault guard
  9304 | D:13     | Noticed a centaur warrior
  9310 | D:13     | Killed a centaur warrior
  9310 | D:13     | Reached XP level 12. HP: 112/112 MP: 8/11
  9323 | D:13     | Noticed a hill giant
  9333 | D:13     | Killed a hill giant
  9608 | D:14     | Reached skill level 15 in Axes
  9687 | Orc:1    | Entered Level 1 of the Orcish Mines
  9797 | Orc:1    | Found Zeled's General Store.
 10415 | Orc:3    | Received a gift from Trog
 10472 | Orc:3    | You fall through a shaft!
 10472 | Orc:4    | Entered Level 4 of the Orcish Mines
 10472 | Orc:4    | Noticed an ettin
 10474 | Orc:4    | Noticed Saint Roka
 10478 | Orc:4    | Killed an ettin
 10479 | Orc:4    | Noticed Snorg
 10488 | Orc:4    | Killed Snorg
 10489 | Orc:4    | Found a staircase to the Elven Halls.
 10826 | Orc:4    | Killed Saint Roka
 10826 | Orc:4    | Reached skill level 16 in Axes
 10991 | Orc:4    | Noticed an ettin
 10996 | Orc:4    | Killed an ettin
 11065 | Orc:4    | Received a gift from Trog
 11073 | Orc:4    | Reached XP level 13. HP: 102/122 MP: 12/12
 11080 | Orc:4    | Noticed Josephine
 11089 | Orc:4    | Reached skill level 17 in Axes
 11094 | Orc:4    | Killed Josephine
 11147 | Orc:4    | Found Vohegiat's General Store.
 11152 | Orc:4    | Found Rocvaf's General Store.
 11159 | Orc:4    | Noticed an ettin
 11163 | Orc:4    | Noticed an ogre mage
 11183 | Orc:4    | Mangled by an ettin

Action                   |  1- 3 |  4- 6 |  7- 9 | 10-12 | 13-15 || total
-------------------------+-------+-------+-------+-------+-------++-------
Melee: Hand axe          |    99 |   120 |   101 |       |       ||   320
       Battleaxe         |       |       |   124 |   345 |       ||   469
       Executioner's axe |       |       |       |    65 |    33 ||    98
Invok: Burn Spellbooks   |     1 |       |       |       |       ||     1
       Berserk           |       |     2 |     3 |     8 |     2 ||    15
       Trog's Hand       |       |     1 |     4 |    11 |       ||    16
       Brothers in Arms  |       |       |       |     1 |     1 ||     2
  Use: Potion            |     5 |     1 |     4 |     1 |     1 ||    12
       Scroll            |       |     8 |     6 |     5 |       ||    19
  Eat: Chunk             |     7 |     5 |     8 |    30 |     2 ||    52
       Fruit             |     1 |     1 |     7 |     2 |       ||    11
       Pizza             |       |       |       |     2 |       ||     2
